 Dungeon Crawl Stone Soup version 0.27.1-1-g398f81649c (webtiles) character file.

Game seed: 5604416035807240223

151 SeanNever the Covered (level 5, -1/47 HPs)
             Began as a Minotaur Fighter on Sept 7, 2021.
             Slain by Grinder (2 damage)
             ... on level 4 of the Dungeon.
             The game lasted 00:04:04 (723 turns).

SeanNever the Covered (Minotaur Fighter)             Turns: 723, Time: 00:04:05

Health: -1/47      AC:  7    Str: 20    XL:     5   Next: 10%
Magic:  0/4        EV:  7    Int:  6    God:
Gold:   10         SH:  9    Dex: 10    Spells: 4/4 levels left

rFire    . . .     SeeInvis .   a - +0 rapier
rCold    . . .     Faith    .   c - +0 kite shield
rNeg     . . .     Spirit   +   b - +0 scale mail
rPois    .         Reflect  .   (helmet restricted)
rElec    .         Harm     .   (no cloak)
rCorr    .         Rampage  .   (no gloves)
Will     .....                  (no boots)
Stlth    ..........             g - amulet of guardian spirit
HPRegen  0.15/turn              (no ring)
MPRegen  0.09/turn              (no ring)

@: no status effects
A: horns 2, retaliatory headbutt
a: no special abilities


You were on level 4 of the Dungeon.
You visited 1 branch of the dungeon, and saw 4 of its levels.

You collected 10 gold pieces.

Inventory:

Hand Weapons
 a - a +0 rapier (weapon)
Armour
 b - a +0 scale mail (worn)
 c - a +0 kite shield (worn)
Jewellery
 g - an amulet of guardian spirit (around neck)
Scrolls
 e - 2 scrolls of identify {unknown}
 f - a scroll of torment {unknown}
Potions
 d - a potion of might


   Skills:
 + Level 4.5 Fighting
 + Level 3.6 Short Blades
 + Level 4.6 Armour
 + Level 0.5 Dodging
 + Level 4.6 Shields


You had 4 spell levels left.
You didn't know any spells.
Your spell library was empty.

Dungeon Overview and Level Annotations

Branches:
Dungeon (4/15)
 Temple: D:4-7

Altars:
Yredelemnul

Annotations:
D:4 Grinder


Innate Abilities, Weirdness & Mutations

You have a pair of horns on your head.
You reflexively headbutt those who attack you in melee.


Message History

You continue putting on your amulet of guardian spirit. x5
You finish putting on your amulet of guardian spirit.
You feel your power drawn to a protective spirit.
g - an amulet of guardian spirit (around neck)
A dart slug comes into view.
Found 16 stones.
You block the dart slug's attack.
You hit the dart slug. You headbutt the dart slug.
The dart slug is heavily wounded.
The dart slug bites you but does no damage.
You hit the dart slug but do no damage.
The dart slug is heavily wounded.
The dart slug bites you but does no damage.
You hit the dart slug.
You kill the dart slug!
You see here a dart slug corpse.
You see here 16 stones.
Grinder comes into view.
Grinder barely misses you.
You closely miss Grinder. Your headbutt misses Grinder. Grinder hits you.
You writhe in agony.
Your shield prevents you from hitting Grinder.
Grinder blinks!
Grinder gestures at you. Pain shoots through your body!
You block Grinder's attack. Grinder barely misses you.
Your shield and scale mail prevent you from hitting Grinder.
You headbutt Grinder, but do no damage. Grinder hits you.
* * * LOW HITPOINT WARNING * * *
You writhe in agony.
* * * LOW HITPOINT WARNING * * *
Grinder hits you.
* * * LOW HITPOINT WARNING * * *
You writhe in agony.
* * * LOW HITPOINT WARNING * * *
You closely miss Grinder. Grinder hits you!
* * * LOW HITPOINT WARNING * * *
You writhe in agony.
You die...

#†.##.# #.# #.....#
#.# #(##### #.# #.#
#.# #.# #.# #.# #.#
#.#########.#
#...........#######
###########@5......
#########


You could see Grinder.

Vanquished Creatures
  A jelly (D:4)
  A centaur skeleton (D:4)
  Natasha (D:3)
  A scorpion zombie (D:3)
  A hound zombie (D:3)
  An adder zombie (D:3)
  A dart slug (D:4)
  An orc (D:3)
  2 ball pythons
  3 bats (D:3)
  An endoplasm (D:1)
  2 goblins
  A hobgoblin (D:3)
  4 jackals (D:3)
  A jackal zombie (D:3)
  A kobold (D:1)
  A rat (D:3)
24 creatures vanquished.

Notes
Turn   | Place    | Note
-------+----------+-------------------------------------------
     0 | D:1      | SeanNever the Minotaur Fighter began the quest for the Orb.
     0 | D:1      | Reached XP level 1. HP: 19/19 MP: 0/0
   248 | D:3      | Reached XP level 2. HP: 20/26 MP: 1/1
   305 | D:3      | Found a basalt altar of Yredelemnul.
   319 | D:3      | Reached XP level 3. HP: 28/33 MP: 2/2
   343 | D:3      | Noticed Natasha
   354 | D:3      | Killed Natasha
   355 | D:3      | Reached XP level 4. HP: 29/41 MP: 3/3
   666 | D:4      | Reached XP level 5. HP: 25/47 MP: 4/4
   711 | D:4      | Noticed Grinder
   723 | D:4      | HP: 1/47 [Grinder (6)]
   723 | D:4      | Slain by Grinder

Illustrated notes

Levels and vault maps discovered:
D:1:      co_arrival_random_square_maze, layout_loops_ring,
          shapermc_ecumenical_altar_pompeii
D:2:      layout_basic
D:3:      layout_loops_ring, nicolae_yredelemnul_corpse_copse, uniq_natasha
D:4:      layout_loops_ring, doesnt_xom_only_xom, pf_just_have_faith,
          minmay_temple_entry_fiery, uniq_grinder

Skill      XL: |  1  2  3 |
---------------+----------+-----
Fighting       | 4 |  4.5
Armour         | 4 |  4.6
Shields        | 4 |  4.6
Short Blades   | 3 |  3.6
Dodging        | |  0.5

Action                   |  1- 3 |  4- 6 || total
-------------------------+-------+-------++-------
Melee: Rapier            |    36 |    23 ||    59
       Headbutt          |     5 |     4 ||     9
Armor: Scale mail        |    18 |    17 ||    35
Dodge: Dodged            |    20 |     8 ||    28
Block: Kite shield       |    26 |    18 ||    44
